 Dungeon Crawl Stone Soup version 0.22-a0-248-gc8378ba (webtiles) character file.

43 Amnesiac the Cutter (level 3, 0/22 HPs)
             Began as a Deep Elf Berserker on Feb 28, 2018.
             Was a Follower of Trog.
             Succumbed to an adder's poison
             ... on level 2 of the Dungeon.
             The game lasted 00:01:22 (483 turns).

Amnesiac the Cutter (Deep Elf Berserker)             Turns: 483, Time: 00:01:22

Health: 0/22       AC:  2    Str: 15    XL:     3   Next: 37%
Magic:  5/5        EV: 13    Int: 16    God:    Trog [*.....]
Gold:   10         SH:  0    Dex: 14    Spells: 2/2 levels left

rFire    . . .     SeeInvis .   a - +0 short sword
rCold    . . .     Gourm    .   (no shield)
rNeg     . . .     Faith    .   b - +0 animal skin
rPois    .         Spirit   .   (no helmet)
rElec    .         Reflect  .   (no cloak)
rCorr    .         Harm     .   (no gloves)
MR       .....                  (no boots)
Stlth    +.........             (no amulet)
HPRegen  0.07/turn              (no ring)
MPRegen  0.09/turn              (no ring)

@: brilliant, lethally poisoned (0 -> -2), berserk cooldown, slowed, very slow
A: no striking features
a: Berserk, Renounce Religion


You were on level 2 of the Dungeon.
You worshipped Trog.
Trog was aware of your devotion.
You were not hungry.

You visited 1 branch of the dungeon, and saw 2 of its levels.

You collected 10 gold pieces.

Inventory:

Hand Weapons
 a - a +0 short sword (weapon)
Missiles
 e - 3 stones (quivered)
Armour
 b - a +0 animal skin (worn)
Comestibles
 c - 4 rations
 f - a chunk of flesh


   Skills:
 + Level 2.4 Fighting
 - Level 4.5 Short Blades
 - Level 1.5 Armour
 - Level 2.4 Dodging


You had 2 spell levels left.
You didn't know any spells.

Dungeon Overview and Level Annotations

Branches:
Dungeon (2/15)

Altars:
Qazlal


Message History

The adder is moderately wounded.
The adder misses you. The adder bites you.
* * * LOW HITPOINT WARNING * * *
You are poisoned.
The adder poisons you!
You barely miss the adder.
The adder is moderately wounded.
You feel sick. The adder barely misses you.
The adder bites you but does no damage.
You closely miss the adder.
The adder is moderately wounded.
The adder barely misses you.
You closely miss the adder.
The adder is moderately wounded.
The adder misses you. The adder bites you.
* * * LOW HITPOINT WARNING * * *
You are lethally poisoned!
The adder poisons you!
You hit the adder.
The adder is heavily wounded.
* * * LOW HITPOINT WARNING * * *
You feel sick. The adder barely misses you. x2
Adjust (i)tems, (s)pells, or (a)bilities?
Huh?
Unknown command.
Adjust (i)tems, (s)pells, or (a)bilities?
Okay, then.
Unknown command.
Really quaff
d - a fuming red potion {!q}?
It was a potion of brilliance {!q}.
You feel clever all of a sudden.
* * * LOW HITPOINT WARNING * * *
You feel sick. The adder completely misses you.
The adder bites you but does no damage.
You hit the adder.
You kill the adder!
Trog accepts your kill.
* * * LOW HITPOINT WARNING * * *
You feel sick.
* * * LOW HITPOINT WARNING * * *
You feel sick.
You see here an adder corpse.
You butcher the adder corpse.
You see here a chunk of flesh.
* * * LOW HITPOINT WARNING * * *
You feel sick.
* * * LOW HITPOINT WARNING * * *
You feel sick.
* * * LOW HITPOINT WARNING * * *
You feel sick.
You aren't carrying any potions.
Found a leather armour and 5 gold pieces.
* * * LOW HITPOINT WARNING * * *
You feel sick.
Found 8 gold pieces.
A kobold comes into view. It is wielding a short sword.
You see here a leather armour.
You aren't carrying any items that you can evoke.
You aren't carrying any scrolls.
Unknown command.
* * * LOW HITPOINT WARNING * * *
You feel sick.
The kobold shouts!
You die...

.#####†#.##.#.... #.
#)#.# # . #. #.#.##.#
.. #. #%#.##.# #.. #.##
#.#.##.# #.. ..#
#.#.##.# #.# #.#
#.#.##.# #.# #.##
#.#.##.# #.#
#@.###.#.##.####.#
##.....#..........
#.[##.#.##.####..
#..K.....##.#....# #..
#.......$.#.#....####..
..........#.#..........
....$.......#.#######.#
.........#....#######.#
.........#.... #.......


There were no monsters in sight!

Vanquished Creatures
  Natasha (D:2)
  An adder (D:2)
  2 leopard geckos
  2 goblins
  A hobgoblin (D:2)
  A kobold (D:2)
  A rat (D:2)
9 creatures vanquished.

Notes
Turn   | Place    | Note
-------+----------+-------------------------------------------
     0 | D:1      | Amnesiac the Deep Elf Berserker began the quest for the Orb.
     0 | D:1      | Reached XP level 1. HP: 13/13 MP: 3/3
     0 | D:1      | Upgraded the game from 0.22-a0-247-gbddf880 to 0.22-a0-248-gc8378ba
   331 | D:2      | Reached XP level 2. HP: 15/18 MP: 4/4
   446 | D:2      | Noticed Natasha
   449 | D:2      | Found a stormy altar of Qazlal.
   453 | D:2      | Killed Natasha
   453 | D:2      | Reached skill level 4 in Short Blades
   453 | D:2      | Reached XP level 3. HP: 22/22 MP: 5/5
   481 | D:2      | HP: 1/22 [poisoned by an adder]
   483 | D:2      | Succumbed to an adder's poison

Vault maps used:
D:1:      tarquinn_simple_flora_water_d
D:2:      roderic_nine_men_s_morris, nicolae_qazlal_eye_of_the_storm,
          uniq_natasha

Skill      XL: |  1  2 |
---------------+-------+-----
Short Blades   | 4 |  4.5
Fighting       | |  2.4
Armour         | |  1.5
Dodging        | |  2.4

Action                   || total
-------------------------++-------
Melee: Short sword       ||    36
Invok: Berserk           ||     1
  Use: Potion            ||     1
Armor: Animal skin       ||     6
Dodge: Dodged            ||    24

Table legend:
 A = Spawn XP
 B = Non-spawn XP
 C = Spawn XP percentage of total XP
 D = Spawn monster count
 E = Non-spawn monster count
 F = Spawn count percentage of total count
 G = Total turns spent on level
                    A         B        C        D         E        F      G
               +---------+---------+-------+---------+---------+-------+---------
         Total |       0 |      62 |   0.0 |       0 |       9 |   0.0 |   483
               +---------+---------+-------+---------+---------+-------+---------
           D:1 |       0 |       5 |   0.0 |       0 |       2 |   0.0 |    58
           D:2 |       0 |      57 |   0.0 |       0 |       7 |   0.0 |   425
               +---------+---------+-------+---------+---------+-------+---------
